 Dungeon Crawl Stone Soup version 0.28.0 (webtiles) character file.

Game seed: 2150855973226248050

58 Prodoman the Magician (level 3, 0/26 HPs)
             Began as a Demonspawn Hedge Wizard on Feb 5, 2022.
             Slain by Terence (7 damage)
             ... on level 2 of the Dungeon.
             The game lasted 00:06:42 (2054 turns).

Prodoman the Magician (Demonspawn Hedge Wizard)     Turns: 2054, Time: 00:06:42

Health: 0/26       AC:  2    Str: 10    XL:     3   Next: 75%
Magic:  26/26      EV: 12    Int: 17    God:
Gold:   84         SH:  0    Dex: 12    Spells: 5/9 levels left

rFire   . . .      SeeInvis .   a - +0 dagger
rCold   . . .      Faith    .   (no shield)
rNeg    . . .      Spirit   .   b - +0 robe
rPois   .          Reflect  .   c - +0 hat
rElec   .          Harm     .   (no cloak)
rCorr   .          Rampage  .   (no gloves)
Will    .....                   (no boots)
Stlth   ++........              (no amulet)
HPRegen 0.08/turn               d - ring of magical power
MPRegen 0.20/turn               i - ring of magical power

@: no status effects
A: antennae 1
a: no special abilities


You were on level 2 of the Dungeon.
You visited 1 branch of the dungeon, and saw 3 of its levels.

You collected 84 gold pieces.

Inventory:

Hand Weapons
 a - a +0 dagger (weapon)
 h - a +0 shortbow
Armour
 b - a +0 robe (worn)
 c - a +0 hat (worn)
Jewellery
 d - a ring of magical power (left hand)
 i - a ring of magical power (right hand)
Scrolls
 f - a scroll of teleportation {unknown}
 g - 2 scrolls of identify {unknown}


   Skills:
 + Level 1.1 Fighting
 + Level 2.2 Dodging
 - Level 1.7 Stealth
 * Level 3.6 Spellcasting
 + Level 1.8 Conjurations
 - Level 1.0 Summonings
 - Level 0.8 Translocations
 + Level 0.3 Air Magic
 + Level 0.3 Poison Magic


You had 5 spell levels left.
You knew the following spells:

 Your Spells              Type           Power      Damage    Failure   Level
a - Magic Dart            Conj           36%        1d4       8%          1
b - Mephitic Cloud        Conj/Pois/Air  5%         N/A       34%         3

Your spell library contained the following spells:

 Spells                   Type           Power      Damage    Failure   Level
 Slow                     Hex            12%        N/A       17%         1
 Blink                    Tloc           12%        N/A       17%         2
 Call Imp                 Summ           6%         N/A       17%         2
 Conjure Flame            Conj/Fire      6%         6-21      34%         3


Dungeon Overview and Level Annotations

Branches:
Dungeon (3/15)

Altars:

Annotations:
D:2 Terence


Innate Abilities, Weirdness & Mutations

You have a pair of small antennae on your head.


Message History

Press: ? - help, Shift-Dir - straight line, f/p - Terence
Aim: Terence, wielding a +0 mace and wearing a +1 chain mail of poison resistance (lightly wounded, 100% to hit)
The magic dart hits Terence but does no damage.
Terence is lightly wounded.
Terence hits you with a +0 mace!
Casting: Magic Dart (safe; 8% risk of failure)
Confirm with . or Enter, or press ? or * to list all spells.
Aiming: Magic Dart (safe; 8% risk of failure)
Press: ? - help, Shift-Dir - straight line, f/p - Terence
Aim: Terence, wielding a +0 mace and wearing a +1 chain mail of poison resistance (lightly wounded, 100% to hit)
The magic dart hits Terence but does no damage.
Terence is lightly wounded.
Terence hits you with a +0 mace!
Casting: Magic Dart (safe; 8% risk of failure)
Confirm with . or Enter, or press ? or * to list all spells.
You can't see any susceptible monsters within range! (Use Z to cast anyway.)
Casting: Magic Dart (safe; 8% risk of failure)
Confirm with . or Enter, or press ? or * to list all spells.
You don't know that spell.
Things that are here:
a +0 short sword; a stone
There is a stone staircase leading down here.
Terence barely misses you. Terence hits you with a +0 mace.
* * * LOW HITPOINT WARNING * * *
You climb downwards.
The orc shouts!
You hear a shout!
The ball python hisses angrily.
Found a scroll labelled KEOCAA DOADA.
There is a stone staircase leading up here.
Terence closely misses you.
You climb upwards.
There is a stone staircase leading down here.
You aren't carrying any potions.
You aren't carrying any potions.
As you read the scroll labelled FUEBBE ENOMUWN, it crumbles to dust.
It is a scroll of amnesia.
Really abort (and waste the scroll)?
Okay, then.
Terence hits you with a +0 mace!
You die...

#..##.# ##.##.# #..#.#
##.#.# ##### #...#
####...# ##..#
#....#.#####..#
#....#........#####
######....###.#.@@>..).#
...##.....#...#..#####.#
#.###..##.#.###....
#...#.....#. ##.#..
.##.#.##### .....#
.##.#'####### #......
...........)# #.#####
####........# #.. #
#........#


You could see Terence.

Vanquished Creatures
  An adder (D:2)
  2 dart slugs
  3 ball pythons
  2 endoplasms (D:1)
  7 goblins
  2 hobgoblins (D:1)
  7 jackals
  A quokka (D:1)
  5 bats
  A frilled lizard (D:1)
  5 kobolds
  4 rats (D:1)
40 creatures vanquished.

Notes
Turn   | Place    | Note
-------+----------+-------------------------------------------
     0 | D:1      | Prodoman the Demonspawn Hedge Wizard began the quest for
                  | the Orb.
     0 | D:1      | Reached XP level 1. HP: 13/13 MP: 4/4
   262 | D:1      | Discovered your monstrous ancestry.
   262 | D:1      | Gained mutation: You have a pair of small antennae on your
                  | head. [demonic ancestry]
   262 | D:1      | Reached XP level 2. HP: 20/20 MP: 6/6
   973 | D:1      | Reached skill level 1 in Fighting
  1056 | D:1      | Reached XP level 3. HP: 26/26 MP: 7/7
  1316 | D:1      | Learned a level 3 spell: Mephitic Cloud
  1864 | D:2      | Found a faded altar of an unknown god.
  1980 | D:2      | Noticed Terence
  2054 | D:2      | Slain by Terence

Illustrated notes

Levels and vault maps discovered:
D:1:      ebering_trefoil_3fold, layout_basic
D:2:      layout_basic, serial_corexii_hall, corexii_hall_statues_s,
          corexii_hall_statues_i, hellmonk_ecumenical_altar_dog_temple,
          uniq_terence
D:3:      layout_loops_corners, gammafunk_ghost_stat_death,
          nicolae_elevator_lobby_plus

Skill      XL: |  1  2 |
---------------+-------+-----
Dodging        | 2 |  2.2
Fighting       | 1 |  1.1
Stealth        | |  1.7
Spellcasting   | |  3.6
Conjurations   | |  1.8
Summonings     | |  1.0
Translocations | |  0.8
Air Magic      | |  0.3
Poison Magic   | |  0.3

Action                   || total
-------------------------++-------
Melee: Dagger            ||     4
 Cast: Magic Dart        ||   130
  Use: Scroll            ||     1
Armor: Robe              ||    17
Dodge: Dodged            ||    50
